 Seeded DCSS version 0.30.0-18-gc0e69614cb (webtiles) character file.

Game seed: 6351066067085065685 (custom seed)

1003 Esekla the Grave Robber (level 8, -10/43 (44) HPs)
             Began as a Deep Elf Necromancer on May 25, 2023.
             Was a Believer of Vehumet.
             Mangled by a wight
             ... wielding a +4 great sword
              (15 damage)
             ... on level 7 of the Dungeon.
             The game lasted 00:23:43 (4970 turns).

Esekla the Grave Robber (Deep Elf Necromancer)      Turns: 4970, Time: 00:23:44

HP:   -10/43 (44)   AC:  4    Str:  5    XL:     8   Next: 0%
MP:   19/19         EV: 15    Int: 23    God:    Vehumet [**....]
Gold: 314           SH:  0    Dex: 18    Spells: 13/19 levels left

rFire   . . .        a - +5 rapier of the Hero {heavy, rN+ Dex+3}
rCold   . . .        (no shield)
rNeg    + . .        v - +0 robe
rPois   .            w - +0 helmet
rElec   .            (no cloak)
rCorr   .            k - +0 pair of gloves
SInv    .            (no boots)
Will    .....        A - amulet of magic regeneration
Stlth   +            (no ring)
HPRegen 0.27/turn    (no ring)
MPRegen 0.56/turn

%: no passive effects
@: confused, ambrosia-drunk, lightly drained
A: no striking features
a: Renounce Religion


You were on level 7 of the Dungeon.
You worshipped Vehumet.
Vehumet was pleased with you.
You visited 1 branch of the dungeon, and saw 7 of its levels.

You collected 314 gold pieces.

Inventory:

Hand Weapons
 a - the +5 rapier of the Hero (weapon) {heavy, rN+ Dex+3}
   (You found it on level 3 of the Dungeon)

   Dex:       It affects your dexterity (+3).
   rN:        It protects you from negative energy.
 r - a +0 trident
 y - a +2 vampiric dagger
Missiles
 q - 8 poisoned darts (quivered)
Armour
 k - a +0 pair of gloves (worn)
 v - a +0 robe (worn)
 w - a +0 helmet (worn)
Jewellery
 A - an amulet of magic regeneration (around neck)
Wands
 p - a wand of roots (15)
 D - a wand of flame (15)
Scrolls
 e - a scroll of silence {unknown}
 f - 5 scrolls of identify {unknown}
 l - 2 scrolls of amnesia {unknown}
 m - 3 scrolls of enchant weapon {unknown}
 o - 2 scrolls of fog {unknown}
 s - a scroll of blinking {unknown}
 t - a scroll of enchant armour {unknown}
 u - a scroll of immolation {unknown}
 x - a scroll of summoning {unknown}
 z - 2 scrolls of fear
 C - a scroll of magic mapping {unknown}
Potions
 b - a potion of magic
 c - a potion of mutation {unknown}
 d - a potion of ambrosia
 g - 2 potions of attraction {unknown}
 h - a potion of heal wounds {unknown}
 i - a potion of haste {unknown}
 j - 6 potions of curing {unknown}
 n - 3 potions of brilliance {unknown}
 B - a potion of lignification {unknown}


   Skills:
 + Level 1.8 Fighting
 + Level 3.2 Short Blades
 + Level 1.3 Throwing
 * Level 5.2 Dodging
 + Level 4.6 Stealth
 * Level 6.2 Spellcasting
 * Level 2.1 Conjurations
 + Level 6.6 Necromancy


You had 13 spell levels left.
You knew the following spells:

 Your Spells              Type           Power      Damage    Failure   Level
a - Necrotise             Necr           100%       1d9       1%          1
d - Vampiric Draining     Necr           37%        2d8       1%          3
e - Searing Ray           Conj           34%        2d5       5%          2

Your spell library contained the following spells:

 Spells                   Type           Power      Damage    Failure   Level
 Animate Dead             Necr           37%        N/A       5%          4
 Lesser Beckoning         Tloc           14%        N/A       13%         2
 Agony                    Necr           37%        N/A       16%         5
 Gell's Gravitas          Tloc           7%         N/A       26%         3
 Spider Form              Tmut/Pois      7%         N/A       26%         3
 Teleport Other           Tloc           7%         N/A       26%         3
 Cause Fear               Hex            3%         N/A       63%         4
 Summon Mana Viper        Hex/Summ       7%         N/A       93%         5


Dungeon Overview and Level Annotations

Branches:
Dungeon (7/15)
 Temple: D:4-7

Altars:
Dithmenos
Fedhas
Hepliaklqana
Okawaru
Qazlal
Trog
Vehumet
Zin
The Shining One

Shops:
D:2 =   D:4 (

Annotations:
D:6 Blork the orc, Pikel


Message History

Found 6 stones.
There is an open door here.
A gnoll comes into view. It is wielding a +0 flail.
Found a yellow potion.
A centaur comes into view.
A white imp comes into view.
Found 14 gold pieces.
A sourceless malevolence fills the Dungeon... and a teleportation trap spontaneously manifests!
You are yanked towards some nearby monsters!
Your surroundings suddenly seem different. 3 wights and an ogre come into view.
Found 3 scrolls labelled MEBRE ZOFEPO and 5 curare-tipped darts.
The white imp moves out of view.
The helpless ogre fails to defend itself.
You impale the ogre!!
The ogre is severely wounded.
The ogre hits you with a +0 giant club!!!
Ouch! That really hurt!
* * * LOW HITPOINT WARNING * * *
Casting: Vampiric Draining (safe; 1% risk of failure)
Confirm with . or Enter, or press ? or * to list all spells.
Aiming: Vampiric Draining (safe; 1% risk of failure)
Press: ? - help, Shift-Dir - straight line, f - ogre
Aim: an ogre, wielding a +0 giant club (severely wounded)
You draw life force from the ogre!
You kill the ogre!
Vehumet accepts your kill.
You feel life coursing into your body.
You have reached level 8!
You feel clever.
Okay, then.
It was a potion of ambrosia.
You are confused.
You feel invigorated. The wight misses you. The wight attacks as you move away!
The wight hits you with a +4 scimitar!
* * * LOW HITPOINT WARNING * * *
You partially resist.
You feel drained.
* * * LOW HITPOINT WARNING * * *
The wight hits you with a +4 great sword!
You die...

#########
#.(.....#
#.......#
#......?######
#....z@.......
#..z.z........
#.............
#.......#####+
#.......#
#.......#
#########


You could see 3 wights.

Vanquished Creatures
  A black bear (D:2)
  2 ogres
  A lemure (D:7)
  2 scorpions (D:5)
  A gnoll bouda (D:4)
  5 hounds
  A jelly (D:6)
  A sleepcap (D:5)
  4 iguanas
  12 gnolls
  8 adders
  2 white imps
  A worm (D:4)
  3 dart slugs
  11 orcs
  6 ball pythons
  4 bats
  4 endoplasms
  8 goblins
  5 hobgoblins
  A quokka (D:1)
  4 frilled lizards
  8 kobolds
  A rat (D:2)
96 creatures vanquished.

Notes
Turn   | Place    | Note
-------+----------+-------------------------------------------
     0 | D:1      | Esekla the Deep Elf Necromancer began the quest for the
                  | Orb.
     0 | D:1      | Reached XP level 1. HP: 10/10 MP: 6/6
    60 | D:1      | Reached skill level 5 in Necromancy
   251 | D:1      | Reached XP level 2. HP: 13/14 MP: 8/8
   557 | D:4      | Found a radiant altar of Vehumet.
   561 | D:4      | Became a worshipper of Vehumet
   813 | D:3      | Reached XP level 3. HP: 19/19 MP: 9/9
   923 | D:4      | Found Ponaysk's Antique Weapon Boutique.
   964 | D:5      | Entered Level 5 of the Dungeon
  1101 | D:1      | Learned a level 3 spell: Vampiric Draining
  1195 | D:2      | Noticed a black bear
  1197 | D:2      | Reached * piety under Vehumet
  1197 | D:2      | Offered knowledge of Sandblast by Vehumet.
  1207 | D:2      | Killed a black bear
  1208 | D:2      | Reached skill level 1 in Short Blades
  1208 | D:2      | Reached XP level 4. HP: 20/24 MP: 3/11
  1312 | D:1      | Reached XP level 5. HP: 17/28 MP: 5/12
  1532 | D:2      | Found a faded altar of an unknown god.
  1780 | D:2      | Found Renulab's Jewellery Shop.
  2096 | D:3      | Found a stormy altar of Qazlal.
  2186 | D:3      | Found a hazy altar of Hepliaklqana.
  2186 | D:3      | Found a bloodstained altar of Trog.
  2479 | D:3      | Identified the +5 rapier of the Hero {heavy, rN+ Dex+3}
  2631 | D:4      | Found a glowing golden altar of the Shining One.
  2666 | D:4      | Found an iron altar of Okawaru.
  2677 | D:4      | Found a glowing silver altar of Zin.
  2743 | D:4      | Reached XP level 6. HP: 32/33 MP: 4/14
  3141 | D:4      | Reached skill level 1 in Fighting
  3254 | D:4      | Reached skill level 5 in Spellcasting
  3255 | D:4      | Offered knowledge of Searing Ray by Vehumet.
  3268 | D:4      | Learned a level 2 spell: Searing Ray
  3492 | D:5      | Reached ** piety under Vehumet
  3501 | D:5      | Reached XP level 7. HP: 27/38 MP: 11/17
  3579 | D:5      | Reached skill level 1 in Conjurations
  3652 | D:5      | Found a shadowy altar of Dithmenos.
  3699 | D:5      | Got the Parchment of the Lumpy Olives
  3783 | D:5      | Reached skill level 1 in Throwing
  3982 | D:5      | You fall into a shaft and drop 1 floor!
  4050 | D:6      | Found a blossoming altar of Fedhas.
  4137 | D:5      | Reached skill level 5 in Dodging
  4683 | D:6      | Noticed Blork the orc
  4765 | D:6      | Noticed Pikel
  4969 | D:7      | Reached XP level 8. HP: 8/44 MP: 15/19
  4970 | D:7      | HP: 1/43 [wight/+4 scimitar (2)]
  4970 | D:7      | Mangled by a wight

Illustrated notes

Levels and vault maps discovered:
D:1:      sevenhm_arrival_forest_fort_small_3, layout_rooms,
          chequers_serial_rivers_room_b, minmay_misc_feat_five
D:2:      layout_loops_ring, dreamdust_ecumenical_altar_angels_and_demons,
          serial_shops, shop
D:3:      layout_basic, grunt_temple_overflow_open, minmay_misc_feat_iff
D:4:      layout_basic, nicolae_overflow_quartered_altars, serial_shops,
          nicolae_diamond_shop
D:5:      layout_loops_ring, lemuel_doored_altar, minmay_misc_feat_rows,
          dreamdust_wishing_well
D:6:      layout_loops_cross, fedhas_altar_fruit_tree,
          minmay_temple_entry_glass, uniq_pikel, uniq_blork_the_orc
D:7:      layout_basic, uniq_menkaure, uniq_joseph, uniq_crazy_yiuf_cottage

Skill      XL: |  1  2  3  4  5  6  7 |
---------------+----------------------+-----
Necromancy     | 5 6 |  6.6
Dodging        | 3 4 5 |  5.2
Short Blades   | 1 2 3 |  3.2
Stealth        | 3 4 |  4.6
Spellcasting   | 4 5 6 |  6.2
Fighting       | 1 |  1.8
Conjurations   | 2 |  2.1
Throwing       | 1 |  1.3

Action                     |  1- 3 |  4- 6 |  7- 9 || total
---------------------------+-------+-------+-------++-------
  Melee: Unarmed           |    10 |       |       ||    10
         Short sword       |     7 |       |       ||     7
         Dagger            |    65 |    33 |       ||    98
         Punch             |     2 |     2 |       ||     4
         Rapier            |       |    40 |    50 ||    90
  Throw: Dart              |       |    14 |     2 ||    16
   Cast: Vampiric Draining |     2 |    20 |     6 ||    28
    Use: Scroll            |       |     1 |       ||     1
         Potion            |       |       |     1 ||     1
   Stab: Sleeping          |     6 |     5 |     4 ||    15
 Armour: Robe              |     5 |    14 |    10 ||    29
  Dodge: Dodged            |    40 |    71 |    44 ||   155
